 Dungeon Crawl Stone Soup version 0.24-a0-530-g18ba70b5 (webtiles) character file.

Game seed: 11373111849472424245

42 silentkaos13 the Shield-Bearer (level 3, -2/29 HPs)
             Began as a Human Fighter on Aug 9, 2019.
             Slain by an adder (4 damage)
             ... on level 2 of the Dungeon.
             The game lasted 00:02:21 (1169 turns).

silentkaos13 the Shield-Bearer (Human Fighter)      Turns: 1169, Time: 00:02:22

Health: -2/29      AC:  6    Str: 17    XL:     3   Next: 77%
Magic:  3/3        EV:  7    Int:  8    God:
Gold:   63         SH:  9    Dex: 12    Spells: 2/2 levels left

rFire    . . .     SeeInvis .   a - +0 long sword
rCold    . . .     Gourm    .   c - +0 shield
rNeg     . . .     Faith    .   b - +0 scale mail
rPois    .         Spirit   .   (no helmet)
rElec    .         Reflect  .   (no cloak)
rCorr    .         Harm     .   (no gloves)
MR       .....                  (no boots)
Stlth    ..........             (no amulet)
HPRegen  0.09/turn              (no ring)
MPRegen  0.08/turn              (no ring)

@: lethally poisoned (-2 -> -12)
A: no striking features
a: no special abilities


You were on level 2 of the Dungeon.
You were not hungry.

You visited 1 branch of the dungeon, and saw 2 of its levels.

You collected 63 gold pieces.

Inventory:

Hand Weapons
 a - a +0 long sword (weapon)
Missiles
 g - 6 curare-tipped darts (quivered)
 j - 33 poisoned darts
Armour
 b - a +0 scale mail (worn)
 c - a +0 shield (worn)
Jewellery
 o - a +6 amulet of reflection {unknown}
Scrolls
 i - 2 scrolls of remove curse {unknown}
 l - a scroll of fear {unknown}
 n - a scroll of blinking {unknown}
 p - a scroll of amnesia {unknown}
 q - a scroll of enchant armour {unknown}
 r - a scroll of teleportation {unknown}
Potions
 d - a potion of might
 e - a potion of curing {unknown}
 h - a potion of degeneration {unknown}
 k - a potion of agility {unknown}
 m - a potion of heal wounds {unknown}
 s - a potion of invisibility {unknown}
Comestibles
 f - 4 rations


   Skills:
 + Level 3.3 Fighting
 + Level 2.5 Long Blades
 + Level 3.4 Armour
 + Level 0.2 Dodging
 + Level 3.4 Shields


You had 2 spell levels left.
You didn't know any spells.
Your spell library was empty.

Dungeon Overview and Level Annotations

Branches:
Dungeon (2/15)

Altars:


Message History

The adder is heavily wounded.
You feel sick. The adder bites you.
* * * LOW HITPOINT WARNING * * *
You are more poisoned.
The adder poisons you! The adder bites you.
* * * LOW HITPOINT WARNING * * *
You miss the adder.
The adder is heavily wounded.
* * * LOW HITPOINT WARNING * * *
You feel sick. The adder bites you but does no damage.
You miss the adder.
The adder is heavily wounded.
* * * LOW HITPOINT WARNING * * *
You feel sick. The adder bites you but does no damage.
The adder closely misses you.
You hit the adder.
The adder is almost dead.
* * * LOW HITPOINT WARNING * * *
You feel sick. The adder bites you but does no damage. The adder bites you.
You die...

......#
#.....##<#
### ......#
#.....##.# ..
#####.#
#........# ##
#.#
#....######.#
#.#
#...........#
..#
#....########
## ###......#
######.# #@#
#.S..# ####.#
#


You could see an adder.

Vanquished Creatures
  A dart slug (D:2)
  2 ball pythons (D:2)
  8 bats
  4 giant cockroaches
  5 goblins
  A hobgoblin (D:2)
  6 jackals (D:2)
  2 kobolds
  A frilled lizard (D:2)
  4 rats (D:1)
34 creatures vanquished.

Notes
Turn   | Place    | Note
-------+----------+-------------------------------------------
     0 | D:1      | silentkaos13 the Human Fighter began the quest for the Orb.
     0 | D:1      | Reached XP level 1. HP: 18/18 MP: 1/1
   227 | D:1      | Reached XP level 2. HP: 24/24 MP: 2/2
   740 | D:2      | Reached XP level 3. HP: 23/29 MP: 3/3
  1169 | D:2      | Slain by an adder

Levels and vault maps discovered:
D:1:      dpeg_arrival_subterranean_lakeside_camping, layout_loops_ring
D:2:      layout_basic

Action                   || total
-------------------------++-------
Melee: Long sword        ||   124
  Eat: Chunk             ||     1
Armor: Scale mail        ||    83
Dodge: Dodged            ||    55
Block: Shield            ||    61
       Rpst.: Long sword ||    15

Table legend:
 A = Non-vault XP
 B = Vault XP
 C = Vault XP percentage of total XP
 D = Non-vault monster count
 E = Vault monster count
 F = Vault count percentage of total count
                 A         B        C        D         E       F
            +---------+---------+-------+---------+---------+-------
      Total |      50 |      10 |  16.7 |      28 |       6 |  17.6
            +---------+---------+-------+---------+---------+-------
        D:1 |      12 |      10 |  45.5 |       8 |       6 |  42.9
        D:2 |      38 |       0 |   0.0 |      20 |       0 |   0.0
            +---------+---------+-------+---------+---------+-------
